 Dungeon Crawl Stone Soup version 0.22.0-60-ga52c2fcf6e (webtiles) character file.

18731 spiegeleixxl the Basher (level 12, -8/138 HPs)
             Began as a Troll Fighter on Sept 10, 2018.
             Was a High Priest of Nemelex Xobeh.
             Mangled by a seven-headed hydra (9 damage)
             ... on level 12 of the Dungeon.
             The game lasted 00:47:23 (10460 turns).

spiegeleixxl the Basher (Troll Fighter)            Turns: 10460, Time: 00:47:23

Health: -8/138     AC: 15    Str: 28    XL:     12   Next: 30%
Magic:  0/13       EV: 19    Int:  4    God:    Nemelex Xobeh [*****.]
Gold:   168        SH: 17    Dex: 17    Spells: 4/14 levels left

rFire    . . .     SeeInvis .   a - +2 flail
rCold    . . .     Gourm    +   c - +5 shield
rNeg     . . .     Faith    +   b - +1 robe
rPois    .         Spirit   +   (helmet restricted)
rElec    .         Reflect  .   q - scarf {Spirit}
rCorr    .         Harm     .   (gloves unavailable)
MR       .....                  (boots unavailable)
Stlth    +++.......             C - amulet of faith
HPRegen  0.73/turn              e - +5 ring of protection
MPRegen  0.13/turn              m - ring of wizardry

@: agile, studying Long Blades
A: large, unfitting armour, claws 3, slimy green scales 1, thin metallic scales
1, fast metabolism 3, gourmand, regeneration 1, robust 2, shaggy fur 1, tough
skin 2
a: Triple Draw, Deal Four, Stack Five, Renounce Religion


You were on level 12 of the Dungeon.
You worshipped Nemelex Xobeh.
Nemelex Xobeh was extremely pleased with you.
You were not hungry.

You visited 2 branches of the dungeon, and saw 13 of its levels.

You collected 980 gold pieces.
You spent 812 gold pieces at shops.

Inventory:

Hand Weapons
 a - a +2 flail (weapon)
 d - a +0 short sword of venom
 g - a +0 morningstar
 w - a +3 quarterstaff of chaos
 z - a cursed +2 dagger
 A - a +3 long sword
 F - a +0 rapier
 U - a cursed -3 shortbow
Missiles
 i - 73 poisoned needles (quivered)
 j - 351 stones
Armour
 b - a +1 robe (worn)
 c - a +5 shield (worn)
 q - a scarf of spirit shield (worn)
 x - a +0 cloak
 P - the +1 robe "Imatug" {rF+ Int+3 Slay+2, unknown}
   (You found it on level 10 of the Dungeon)

   It affects your intelligence (+3).
   It affects your accuracy and damage with ranged weapons and melee attacks
   (+2).
   It protects you from fire.
Jewellery
 e - a +5 ring of protection (left claw)
 m - a ring of wizardry (right claw)
 u - an uncursed amulet of harm
 v - an uncursed ring of protection from magic
 C - an amulet of faith (around neck)
 K - an uncursed ring of ice
 M - the ring of the Madman {MR+ Int+3, unknown}
   (You took it off an orc on level 11 of the Dungeon)

   [ring of protection from magic]

   It affects your intelligence (+3).
   It affects your resistance to hostile enchantments.
 Q - a cursed ring of attention
 S - an uncursed ring of positive energy {unknown}
Wands
 h - a wand of flame (26)
 o - a wand of polymorph (6)
 t - a wand of digging (8)
 B - a wand of random effects (35)
 H - a wand of enslavement (9)
 N - a wand of paralysis (8)
Scrolls
 k - 6 scrolls of remove curse
 E - 2 scrolls of magic mapping
 O - 3 scrolls of amnesia
 T - a scroll of enchant armour
 W - 3 scrolls of identify
Potions
 l - a potion of might
 n - a potion of berserk rage {unknown}
 s - 2 potions of curing
 D - 2 potions of brilliance
 J - 2 potions of agility
 X - a potion of magic
Books
 Y - a manual of Long Blades
Miscellaneous
 r - a plain deck of summoning {drawn: 2}
 y - a plain deck of destruction {drawn: 3}
 I - an ornate deck of summoning {drawn: 3}
 L - an ornate deck of escape {drawn: 4}
 R - a plain deck of summoning {drawn: 4}
Comestibles
 f - 21 rations


   Skills:
 + Level 6.9 Fighting
 + Level 2.1(2.3) Short Blades
 + Level 1.3(2.0) Long Blades
 + Level 10.4(10.5) Maces & Flails
 + Level 1.3(6.2) Staves
 + Level 1.6 Throwing
 + Level 1.3 Armour
 + Level 7.3 Dodging
 + Level 2.2 Stealth
 + Level 8.2 Shields
 + Level 1.6 Unarmed Combat
 + Level 1.5 Spellcasting
 + Level 1.0 Hexes
 + Level 1.2 Translocations
 + Level 1.5 Transmutations
 + Level 2.5 Invocations
 + Level 1.4 Evocations


You had 4 spell levels left.
You knew the following spells:

 Your Spells              Type           Power        Failure   Level  Hunger
a - Beastly Appendage     Tmut           #.....       12%         1    ##.....
b - Confusing Touch       Hex            #.....       16%         1    ##.....
c - Yara's Violent Unrav  Hex/Tmut       #.........   97%         5    ######.
d - Gell's Gravitas       Tloc           #.........   38%         3    ####...

Your spell library contained the following spells:

 Spells                   Type           Power        Failure   Level  Hunger
 Sticks to Snakes         Tmut           #.......     17%         2    ###....
 Blink                    Tloc           N/A          21%         2    ###....
 Magic Dart               Conj           #...         22%         1    ##.....
 Slow                     Hex            #.......     22%         2    ###....
 Call Imp                 Summ           #.......     32%         2    ###....
 Poisonous Vapours        Pois/Air       #.....       32%         2    ###....
 Confuse                  Hex            #.......     38%         3    ####...
 Spider Form              Tmut/Pois      #.........   43%         3    ####...
 Conjure Flame            Conj/Fire      #.......     52%         3    ####...
 Mephitic Cloud           Conj/Pois/Air  #.......     52%         3    ####...
 Ice Form                 Ice/Tmut       #.......     82%         4    #####..
 Petrify                  Tmut/Erth      #.......     82%         4    #####..
 Blade Hands              Tmut           #.........   96%         5    ######.
 Metabolic Englaciation   Hex/Ice        #.........   99%         5    ######.
 Freezing Cloud           Conj/Ice/Air   #.........   100%        6    #######
 Ring of Flames           Chrm/Fire      #.........   100%        7    #######


Dungeon Overview and Level Annotations

Branches:
Dungeon (12/15)            Temple (0/1) D:7            Lair (0/6) D:8
    Orc (1/2) D:12

Altars:
Cheibriados
Fedhas
Gozag
Kikubaaqudgha
Makhleb
Nemelex Xobeh
Okawaru
Ru
Uskayaw
Vehumet
Xom

Shops:
D:6 :   D:10 =   D:11 }*

Annotations:
D:11 1 runed door


Innate Abilities, Weirdness & Mutations

You are too large for most types of armour.
You have claws for hands.
Your metabolism is lightning-fast.
You like to eat raw meat.
Your natural rate of healing is unusually fast.
You are covered in fur. (AC +1)
You have very tough skin. (AC +2)
You are partially covered in slimy green scales. (AC +2)
You are partially covered in thin metallic scales. (AC +2)
You are very robust. (+20% HP)


Message History

You block the seven-headed hydra's attack.
The seven-headed hydra barely misses you.
You block the seven-headed hydra's attack.
The seven-headed hydra closely misses you.
The seven-headed hydra bites you!
* * * LOW HITPOINT WARNING * * *
The seven-headed hydra closely misses you. x2
Unknown command.
Okay, then.
Okay, then.
You draw a card...
It is Velocity.
Nothing appears to happen.
The seven-headed hydra misses you.
The seven-headed hydra completely misses you.
You block the seven-headed hydra's attack.
The seven-headed hydra bites you.
* * * LOW HITPOINT WARNING * * *
You block the seven-headed hydra's attack.
The seven-headed hydra bites you!
You die...
Your body glows with a rainbow of weird colours and disappears.

####........
#........#
#.##)###.#
#.# #.# #.#
#.# #D# #@#
#.#
#.#########.#
#...........#
#####.#######
# #.# ####
#.# #<.o #.#
#.## #.# #.##


You could see a seven-headed hydra.

Vanquished Creatures
  A centaur warrior (D:11)
  A two-headed ogre (D:10)
  A sea snake (Orc:1)
  A wizard (D:11)
  Pikel (D:8)
  A deep elf mage (D:6)
  A troll (D:10)
  A hippogriff (D:8)
  A hungry ghost (D:8)
  A porcupine (D:9)
  2 soldier ants
  3 black bears
  A slave (D:8)
  4 orc warriors
  2 sky beasts
  2 phantoms
  4 ogres
  2 centaurs
  A crocodile (D:11)
  2 big kobolds
  7 bullfrogs
  2 scorpions
  9 killer bees
  4 wights
  A howler monkey (D:9)
  A bullfrog zombie (D:7)
  2 crimson imps
  3 jellies
  2 quasits
  4 hounds
  13 orc wizards
  5 orc priests
  3 bullfrog skeletons
  6 iguanas
  Crazy Yiuf (D:5)
  5 worker ants
  3 hound skeletons
  4 gnolls (D:6)
  A river rat (D:9)
  15 adders
  A shadow imp (D:7)
  10 oozes
  2 worms (D:3)
  2 dart slugs
  6 leopard geckos
  46 orcs
  3 ball pythons
  9 bats
  8 giant cockroaches
  6 goblins
  2 hobgoblins
  6 jackals
  26 kobolds
  7 quokkas
  6 frilled lizards
  A leopard gecko skeleton (D:4)
  6 rats
  A rat zombie (D:4)
  A fungus (D:8)
  A plant (D:8)
274 creatures vanquished.

Vanquished Creatures (collateral kills)
  2 ettins (D:11)
  A glowing orange brain (D:11)
  A cyclops (D:11)
  A manticore (D:11)
  A freezing wraith (D:11)
  A tengu conjurer (D:11)
  2 trolls (D:11)
  A hornet (D:11)
  6 yaks (D:11)
  A shadow (D:11)
  4 hogs (D:7)
  A human (D:7)
  A wyvern (D:11)
  An orc warrior (D:11)
  2 sky beasts
  A wolf (D:11)
  An ogre (D:11)
  4 killer bees (D:9)
  A wight (D:11)
  A howler monkey (D:11)
  An orc priest (D:11)
  An orc wizard (D:11)
  An iguana (D:11)
  3 orcs
  A fungus (D:8)
41 creatures vanquished.

Vanquished Creatures (others)
  An orc knight (Orc:1)
  A wraith (Orc:1)
  A steam dragon (Orc:1)
  A porcupine (D:8)
  2 slaves (D:8)
  4 orc warriors
  An ogre (Orc:1)
  A bullfrog (D:8)
  5 killer bees (D:8)
  A howler monkey (D:9)
  An iguana (Orc:1)
  3 orc wizards
  4 ball lightnings (Orc:1)
  6 orcs
  A giant cockroach (Orc:1)
  A jackal (Orc:1)
  A quokka (Orc:1)
  A kobold (Orc:1)
  25 fungi
  10 plants
  8 toadstools (D:3)
79 creatures vanquished.

Grand Total: 394 creatures vanquished

Notes
Turn   | Place    | Note
-------+----------+-------------------------------------------
     0 | D:1      | spiegeleixxl the Troll Fighter began the quest for the Orb.
     0 | D:1      | Reached XP level 1. HP: 22/22 MP: 0/0
    68 | D:1      | Gained mutation: You are resistant to hostile enchantments.
                  | (MR+) [potion of mutation]
    68 | D:1      | Gained mutation: You are partially covered in slimy green
                  | scales. (AC +2) [potion of mutation]
    68 | D:1      | Gained mutation: You can translocate small distances at
                  | will. [potion of mutation]
    68 | D:1      | Gained mutation: You are partially covered in molten
                  | scales. (AC +2) [potion of mutation]
   111 | D:1      | Reached XP level 2. HP: 29/29 MP: 1/1
   117 | D:1      | Reached skill level 2 in Maces & Flails
  1038 | D:2      | Reached XP level 3. HP: 36/36 MP: 2/2
  1083 | D:2      | Found an iron altar of Okawaru.
  1152 | D:2      | Found a burning altar of Makhleb.
  1152 | D:2      | Found a radiant altar of Vehumet.
  1408 | D:3      | Reached XP level 4. HP: 9/44 MP: 3/3
  1424 | D:3      | Reached skill level 3 in Maces & Flails
  1449 | D:3      | Found a snail-covered altar of Cheibriados.
  1671 | D:3      | Reached XP level 5. HP: 52/52 MP: 4/4
  2047 | D:3      | Reached skill level 4 in Maces & Flails
  2057 | D:3      | Reached XP level 6. HP: 44/61 MP: 5/5
  2852 | D:4      | Found a sparkling altar of Nemelex Xobeh.
  2853 | D:4      | Found an opulent altar of Gozag.
  2864 | D:4      | Became a worshipper of Nemelex Xobeh the Trickster
  2879 | D:4      | Received a gift from Nemelex Xobeh
  3028 | D:4      | Reached XP level 7. HP: 66/67 MP: 6/6
  3087 | D:4      | Found an ancient bone altar of Kikubaaqudgha.
  3352 | D:5      | Entered Level 5 of the Dungeon
  3399 | D:5      | Reached skill level 1 in Stealth
  3586 | D:5      | Reached skill level 5 in Maces & Flails
  3632 | D:5      | Found a shimmering altar of Xom.
  3633 | D:5      | Found a blossoming altar of Fedhas.
  3956 | D:5      | Lost mutation: You are resistant to hostile enchantments.
                  | (MR+) [potion of mutation]
  3956 | D:5      | Lost mutation: You are partially covered in molten scales.
                  | (AC +2) [potion of mutation]
  3956 | D:5      | Gained mutation: You evolve. [potion of mutation]
  3956 | D:5      | Gained mutation: You have supernaturally acute eyesight.
                  | (SInv) [potion of mutation]
  4031 | D:5      | Found a runed door.
  4345 | D:5      | Noticed Crazy Yiuf
  4347 | D:5      | Killed Crazy Yiuf
  4393 | D:6      | Reached * piety under Nemelex Xobeh
  4393 | D:6      | Received a gift from Nemelex Xobeh
  4460 | D:6      | Reached XP level 8. HP: 64/78 MP: 4/7
  4494 | D:6      | Reached skill level 6 in Maces & Flails
  5334 | D:6      | Found Fidism's Book Shoppe.
  5340 | D:6      | Bought a book of Changes for 275 gold pieces
  5342 | D:6      | Learned a level 1 spell: Beastly Appendage
  5595 | D:6      | Noticed a deep elf mage
  5612 | D:6      | Killed a deep elf mage
  5612 | D:6      | Reached skill level 7 in Maces & Flails
  5612 | D:6      | Reached skill level 5 in Shields
  5612 | D:6      | Reached XP level 9. HP: 85/85 MP: 8/8
  5701 | D:7      | Reached ** piety under Nemelex Xobeh
  5738 | D:7      | Received a gift from Nemelex Xobeh
  5804 | D:7      | Lost mutation: You evolve. [potion of mutation]
  5804 | D:7      | Lost mutation: You can translocate small distances at will.
                  | [potion of mutation]
  5804 | D:7      | Gained mutation: You are weak. (Str -2) [potion of
                  | mutation]
  5804 | D:7      | Gained mutation: You evolve. [potion of mutation]
  5805 | D:7      | Lost mutation: You evolve. [potion of mutation]
  5805 | D:7      | Lost mutation: You are weak. (Str -2) [potion of mutation]
  5805 | D:7      | Lost mutation: You have supernaturally acute eyesight.
                  | (SInv) [potion of mutation]
  5805 | D:7      | Gained mutation: You are partially covered in large bone
                  | plates. (SH +4) [potion of mutation]
  5805 | D:7      | Gained mutation: You have a pair of small horns on your
                  | head. [potion of mutation]
  5805 | D:7      | Gained mutation: You are robust. (+10% HP) [potion of
                  | mutation]
  5926 | D:7      | Reached skill level 1 in Spellcasting
  6034 | D:7      | Reached skill level 5 in Dodging
  6367 | D:7      | Found a staircase to the Ecumenical Temple.
  6464 | D:8      | Lost mutation: You are partially covered in slimy green
                  | scales. (AC +2) [potion of mutation]
  6464 | D:8      | Lost mutation: You have a pair of small horns on your head.
                  | [potion of mutation]
  6464 | D:8      | Lost mutation: You are partially covered in large bone
                  | plates. (SH +4) [potion of mutation]
  6464 | D:8      | Gained mutation: You are very robust. (+20% HP) [potion of
                  | mutation]
  6464 | D:8      | Gained mutation: You are partially covered in slimy green
                  | scales. (AC +2) [potion of mutation]
  6464 | D:8      | Gained mutation: You are partially covered in thin metallic
                  | scales. (AC +2) [potion of mutation]
  6493 | D:8      | Reached skill level 8 in Maces & Flails
  6532 | D:8      | Learned a level 1 spell: Confusing Touch
  6538 | D:8      | Learned a level 5 spell: Yara's Violent Unravelling
  6542 | D:8      | Learned a level 3 spell: Gell's Gravitas
  6645 | D:8      | Received a gift from Nemelex Xobeh
  6800 | D:8      | Reached skill level 5 in Fighting
  6856 | D:8      | Noticed Pikel
  6877 | D:8      | Killed Pikel
  6877 | D:8      | Reached XP level 10. HP: 94/115 MP: 7/10
  6883 | D:8      | Found a staircase to the Lair.
  6905 | D:8      | Reached *** piety under Nemelex Xobeh
  7338 | D:9      | Received a gift from Nemelex Xobeh
  7927 | D:9      | Reached skill level 9 in Maces & Flails
  7937 | D:9      | Found a sacrificial altar of Ru.
  8170 | D:10     | Entered Level 10 of the Dungeon
  8176 | D:10     | Got a wizard robe
  8276 | D:10     | Found Jehia's Jewellery Emporium.
  8353 | D:10     | Received a gift from Nemelex Xobeh
  8363 | D:10     | Reached skill level 1 in Long Blades
  8363 | D:10     | Reached skill level 1 in Staves
  8363 | D:10     | Reached skill level 1 in Throwing
  8363 | D:10     | Reached skill level 1 in Armour
  8363 | D:10     | Reached skill level 1 in Unarmed Combat
  8363 | D:10     | Reached skill level 1 in Hexes
  8363 | D:10     | Reached skill level 1 in Translocations
  8363 | D:10     | Reached skill level 1 in Transmutations
  8363 | D:10     | Reached skill level 1 in Invocations
  8363 | D:10     | Reached skill level 1 in Evocations
  8363 | D:10     | Reached XP level 11. HP: 126/126 MP: 10/12
  8375 | D:10     | Reached **** piety under Nemelex Xobeh
  8454 | D:10     | Noticed a two-headed ogre
  8481 | D:10     | Killed a two-headed ogre
  8845 | D:11     | Received a gift from Nemelex Xobeh
  8993 | D:11     | Received a gift from Nemelex Xobeh
  9034 | D:11     | Found Roin Oqoim's Assorted Antiques.
  9042 | D:11     | Bought a potion of heal wounds for 155 gold pieces
  9042 | D:11     | Bought a scroll of enchant armour for 232 gold pieces
  9087 | D:11     | Found a hide-covered altar of Uskayaw.
  9087 | D:11     | Found a snail-covered altar of Cheibriados.
  9088 | D:11     | Noticed an ettin
  9088 | D:11     | Noticed a centaur warrior
  9088 | D:11     | Noticed a wizard
  9092 | D:11     | Noticed an ettin
  9102 | D:11     | Killed a centaur warrior
  9106 | D:11     | Killed a wizard
  9142 | D:11     | Killed an ettin
  9159 | D:11     | Killed an ettin
  9159 | D:11     | Reached skill level 10 in Maces & Flails
  9196 | D:11     | Found a runed door.
  9235 | D:11     | Received a gift from Nemelex Xobeh
  9254 | D:11     | Noticed a glowing orange brain
  9254 | D:11     | a slime creature changed into a glowing orange brain
  9267 | D:11     | Killed a glowing orange brain
  9267 | D:11     | Reached XP level 12. HP: 35/138 MP: 5/13
  9334 | D:11     | Got a sparkling brass ring
  9546 | D:11     | Reached ***** piety under Nemelex Xobeh
  9679 | D:11     | Found Labu's Gadget Boutique.
  9690 | D:11     | Bought a wand of polymorph (8) for 150 gold pieces
  9924 | D:12     | Found a staircase to the Orcish Mines.
  9948 | Orc:1    | Entered Level 1 of the Orcish Mines
  9948 | Orc:1    | Received a gift from Nemelex Xobeh
  9952 | Orc:1    | Noticed an orc high priest
  9960 | Orc:1    | an orc high priest changed into a sea snake
 10442 | D:12     | Noticed a seven-headed hydra
 10459 | D:12     | HP: 3/138 [seven-headed hydra (8)]
 10460 | D:12     | HP: 1/138 [seven-headed hydra (2)]
 10460 | D:12     | Mangled by a seven-headed hydra

Skill      XL: |  1  2  3  4  5  6  7  8  9 10 11 12 |
---------------+-------------------------------------+-----
Maces & Flails | 2 3 4 5 7 8 9 10 | 10.4
Dodging        | 3 4 5 6 7 |  7.3
Fighting       | 3 4 5 6 |  6.9
Shields        | 3 4 5 6 7 8 |  8.2
Stealth        | 1 2 |  2.2
Spellcasting   | 1 |  1.5
Short Blades   | 2 |  2.1
Long Blades    | 1 |  1.3
Staves         | 1 |  1.3
Throwing       | 1 |  1.6
Armour         | 1 |  1.3
Unarmed Combat | 1 |  1.6
Hexes          | 1 |  1.0
Translocations | 1 |  1.2
Transmutations | 1 |  1.5
Invocations    | 1 2 |  2.5
Evocations     | 1 |  1.4

Action                   |  1- 3 |  4- 6 |  7- 9 | 10-12 || total
-------------------------+-------+-------+-------+-------++-------
Melee: Flail             |   132 |   246 |   463 |   464 ||  1305
       Headbutt          |       |       |    13 |       ||    13
 Cast: Beastly Appendage |       |       |     3 |       ||     3
Invok: Triple Draw       |       |       |       |     1 ||     1
Evoke: Deck              |       |       |     9 |    39 ||    48
       Wand              |       |       |       |     7 ||     7
  Use: Scroll            |     4 |     5 |    12 |    17 ||    38
       Potion            |     5 |     1 |     7 |     7 ||    20
 Stab: Sleeping          |       |     4 |     2 |     1 ||     7
       Distracted        |       |       |       |     2 ||     2
  Eat: Chunk             |     9 |    18 |    39 |    30 ||    96
       Ration            |     1 |       |       |     1 ||     2
Armor: Robe              |    88 |   167 |   194 |   232 ||   681
Dodge: Dodged            |    54 |    95 |   192 |   279 ||   620
Block: Shield            |    75 |   141 |   271 |   467 ||   954
